 Dungeon Crawl Stone Soup version 0.31-a0-204-g7da18cac08 (webtiles) character file.

Game seed: 16216835292139994285

131 qw the Skirmisher (level 4, 0/25 HPs)
             Began as a Deep Elf Hunter on June 27, 2023.
             Slain by a lemure (8 damage)
             ... led by Pikel
             ... on level 3 of the Dungeon.
             The game lasted 00:01:09 (2058 turns).

qw the Skirmisher (Deep Elf Hunter)                 Turns: 2058, Time: 00:01:09

Health: 0/25       AC:  5    Str: 13 (16) XL:     4   Next: 91%
Magic:  6/6        EV: 11    Int: 14      God:
Gold:   176        SH:  0    Dex: 18      Spells: 3/3 levels left

rFire   . . .        Y - +0 orcbow
rCold   . . .        (shield currently unavailable)
rNeg    . . .        d - +0 ring mail
rPois   .            (no helmet)
rElec   .            (no cloak)
rCorr   .            (no gloves)
SInv    .            (no boots)
Will    .....        (no amulet)
Stlth   +            k - +6 ring of strength
HPRegen 0.24/turn    (no ring)
MPRegen 0.10/turn

%: no passive effects
@: no status effects
A: no striking features
a: no special abilities


You were on level 3 of the Dungeon.
You visited 1 branch of the dungeon, and saw 4 of its levels.

You collected 176 gold pieces.


   Skills:
 - Level 1.5 Fighting
 + Level 8.3 Ranged Weapons
 - Level 2.4 Dodging
 - Level 1.2 Stealth


You had 3 spell levels left.
You didn't know any spells.
Your spell library was empty.

Inventory:

Hand Weapons
 Y - a +0 orcbow (weapon)
Armour
 d - a +0 ring mail (worn)
Jewellery
 k - a +6 ring of strength (left hand)
Potions
 b - a potion of cancellation {unknown}
 e - a potion of attraction {unknown}
 f - a potion of lignification {unknown}
 g - a potion of mutation {unknown}
 h - a potion of ambrosia {unknown}
 i - a potion of heal wounds {unknown}
 l - a potion of curing {unknown}
 n - a potion of haste {unknown}

Dungeon Overview and Level Annotations

Branches:
Dungeon (4/15)
 Temple: D:4-7

Altars:
Uskayaw

Annotations:
D:4 Pikel


Message History

The lemure misses you.
2051 ||| STAIRDANCE The howler monkey closely misses you.
The lemure closely misses you.
You climb upwards.
There is a stone staircase leading down here.
Enter note:
Enter note:
Enter note:
Enter note:
Enter note:
Enter note:
Enter note:
Enter note:
Enter note: You shoot an arrow.
The arrow hits the lemure.
The lemure is moderately wounded.
The howler monkey hits you. The lemure closely misses you.
The lemure barely misses you.
The howler monkey hits you but does no damage.
You shoot an arrow. The arrow hits the lemure!
The lemure is severely wounded.
The lemure barely misses you.
The howler monkey hits you but does no damage.
The lemure barely misses you.
You shoot an arrow. The arrow hits the lemure!
You kill the lemure!
That felt strangely unrewarding.
The howler monkey hits you but does no damage.
The lemure hits you but does no damage.
You shoot an arrow. The arrow hits the lemure.
The lemure is lightly wounded.
The howler monkey hoots and howls with incredible vigour!
The lemure hits you but does no damage.
The howler monkey hits you but does no damage.
You shoot an arrow. The arrow hits the lemure!
The lemure is heavily wounded.
The lemure hits you. The howler monkey hits you. The lemure closely misses you.
You shoot an arrow. The arrow closely misses the lemure.
The howler monkey barely misses you. The lemure hits you!
You die...

#.### #.# #### #.######### ...#
#.#.......# ##.# #....####.#
########
##.####.....###.########..[...#
.........[............##.####.#
.#.####......##5##.........##.#
...# ##...#....@..##.##.#.##.#
#### ##......h#####.##.#.##.#
#######.#####.#####.##......#
#.....#.............####.####
#.###.#.############# #>#
#.#........######## ###.#
###.#(#.#.##.##.....# #...#
......#.#.##.##.....# #.###
........#.##........# #.####


You could see a lemure and a howler monkey.

Vanquished Creatures
  A lemure (D:3)
  An orc priest (D:3)
  A gnoll (D:1)
  2 adders
  A shadow imp (D:3)
  3 worms
  3 orcs (D:3)
  3 endoplasms
  A giant cockroach (D:2)
  5 hobgoblins
  2 jackals (D:2)
  A kobold (D:1)
  4 quokkas
  7 ball pythons
  7 bats
  2 frilled lizards
  7 goblins
  4 rats
55 creatures vanquished.

Notes
Turn   | Place    | Note
-------+----------+-------------------------------------------
     0 | D:1      | qw the Deep Elf Hunter began the quest for the Orb.
     0 | D:1      | Reached XP level 1. HP: 12/12 MP: 3/3
     0 | D:1      | 0 ||| qw: Version: 0.3-a-22-g0ed2b0b
     0 | D:1      | 0 ||| qw: Game counter: 6475
     0 | D:1      | 0 ||| qw: Melee chars always use a shield: true
     0 | D:1      | 0 ||| qw: God list: Okawaru
     0 | D:1      | 0 ||| qw: Allow faded altars: false
     0 | D:1      | 0 ||| qw: Do Orc after clearing Dungeon:15 true
     0 | D:1      | 0 ||| qw: Do second Lair branch before Depths: true
     0 | D:1      | 0 ||| qw: Lair rune preference: random
     0 | D:1      | 0 ||| qw: Goals: Normal
     0 | D:1      | 0 ||| PLANNING D:1-11
    86 | D:1      | Reached XP level 2. HP: 16/16 MP: 4/4
    90 | D:1      | Reached skill level 6 in Ranged Weapons
   291 | D:1      | Reached XP level 3. HP: 18/20 MP: 5/5
   397 | D:1      | You fall into a shaft and drop 1 floor!
   398 | D:2      | 398 ||| DROPPING +6 ring of intelligence.
   399 | D:2      | 399 ||| UPGRADING to +6 ring of strength.
   400 | D:2      | 400 ||| READING 2 scrolls labelled XINWES TEUFI.
   401 | D:2      | 401 ||| READING scroll labelled HOYLUQIMAI.
   402 | D:2      | 402 ||| READING 2 scrolls labelled XOYCZAM BANGOM.
   403 | D:2      | 403 ||| DROPPING scroll of vulnerability.
   404 | D:2      | 404 ||| DROPPING scroll of butterflies.
   405 | D:2      | 405 ||| DROPPING scroll of amnesia.
   527 | D:1      | 527 ||| Stepping randomly (stuck).
   568 | D:2      | Found a hide-covered altar of Uskayaw.
   851 | D:2      | Reached skill level 7 in Ranged Weapons
   862 | D:2      | Found a faded altar of an unknown god.
  1346 | D:2      | 1346 ||| UPGRADING to +0 ring mail.
  1356 | D:2      | 1356 ||| DROPPING +0 leather armour.
  1357 | D:2      | 1357 ||| READING scroll labelled UBOSKO IFALAHO.
  1360 | D:2      | 1360 ||| DRINKING 2 amethyst potions.
  1361 | D:2      | 1361 ||| DROPPING potion of degeneration.
  1411 | D:3      | Reached XP level 4. HP: 13/25 MP: 6/6
  1507 | D:3      | 1507 ||| FLEEEEING.
  1557 | D:3      | 1557 ||| SWAPPING to +0 orcbow.
  1564 | D:3      | Reached skill level 8 in Ranged Weapons
  1575 | D:3      | 1575 ||| DROPPING +0 shortbow.
  1982 | D:3      | 1982 ||| READING 3 scrolls labelled VIUJEF CEROU.
  2028 | D:3      | 2028 ||| READING scroll labelled ZOAMUA XAGIMO.
  2029 | D:3      | 2029 ||| DROPPING 2 scrolls of torment.
  2045 | D:4      | Noticed Pikel
  2045 | D:4      | Noticed a lemure
  2045 | D:4      | Noticed a lemure
  2045 | D:4      | Noticed a lemure
  2045 | D:4      | Noticed a lemure
  2051 | D:4      | 2051 ||| STAIRDANCE
  2055 | D:3      | Killed a lemure
  2058 | D:3      | Slain by a lemure

Levels and vault maps discovered:
D:1:      heliophobic_arrival_ceremonial_halls, layout_rooms,
          chequers_serial_rivers_micro_b
D:2:      layout_basic, basic_altar, hellmonk_ecumenical_altar_inner_sanctum
D:3:      layout_loops_cross
D:4:      layout_gridville, overflow_temple_1_default,
          chequers_serial_rivers_micro_e, nicolae_shop_overcharged_wands,
          uniq_ijyb, uniq_pikel

Skill      XL: |  1  2  3  4 |
---------------+-------------+-----
Ranged Weapons | 6 7 8 |  8.3
Fighting       | |  1.5
Dodging        | |  2.4
Stealth        | |  1.2

Action                     |  1- 3 |  4- 6 || total
---------------------------+-------+-------++-------
   Fire: Shortbow          |    96 |    12 ||   108
         Orcbow            |       |    43 ||    43
    Use: Scroll            |     4 |     2 ||     6
         Potion            |     1 |       ||     1
 Armour: Leather armour    |     3 |       ||     3
         Ring mail         |       |     8 ||     8
  Dodge: Dodged            |    14 |    16 ||    30

Table legend:
 A = Non-vault XP
 B = Vault XP
 C = Vault XP percentage of total XP
 D = Non-vault monster count
 E = Vault monster count
 F = Vault count percentage of total count
                 A         B        C        D         E       F
            +---------+---------+-------+---------+---------+-------
      Total |     188 |       0 |   0.0 |      54 |       0 |   0.0
            +---------+---------+-------+---------+---------+-------
        D:1 |      47 |       0 |   0.0 |      22 |       0 |   0.0
        D:2 |      37 |       0 |   0.0 |      12 |       0 |   0.0
        D:3 |      91 |       0 |   0.0 |      19 |       0 |   0.0
        D:4 |      13 |       0 |   0.0 |       1 |       0 |   0.0
            +---------+---------+-------+---------+---------+-------
